 Dungeon Crawl Stone Soup version 0.18-b1-10-g3f7de93 (webtiles) character file.

56 varam the Ruffian (level 3, -3/31 HPs)
             Began as a Ghoul Monk on Apr 29, 2016.
             Slain by Terence
             ... wielding a +0 morningstar
              (6 damage)
             ... on level 3 of the Dungeon.
             The game lasted 00:06:07 (1929 turns).

varam the Ruffian (Ghoul Monk)                      Turns: 1929, Time: 00:06:07

Health: -3/31      AC:  3    Str: 14    XL:     3   Next: 95%
Magic:  2/2        EV:  8    Int:  5    God:
Gold:   47         SH:  0    Dex: 12    Spells: 0 memorised, 2 levels left

rFire  . . .     SeeInvis .       - Unarmed
rCold  + . .     Gourm    .     a - +0 robe
rNeg   + + +     Faith    .     (no shield)
rPois  ∞         Spirit   .     (no helmet)
rElec  .         Dismiss  .     i - +0 cloak
rCorr  +         Reflect  .     (no gloves)
SustAt .         Harm     .     (no boots)
MR     .....                    (no amulet)
Stlth  ++........               (no ring)
                                l - ring of resist corrosion

@: rotting, not resistant to hostile enchantments, unstealthy
A: rotting body, claws 1, carnivore 3, cold resistance 1, negative energy
resistance 3, slow regeneration 1, torment resistance, unbreathing
a: no special abilities


You were on level 3 of the Dungeon.
You were not hungry.

You visited 1 branch of the dungeon, and saw 3 of its levels.

You collected 47 gold pieces.

Inventory:

Armour
 a - a +0 robe (worn)
 i - a +0 cloak (worn)
Jewellery
 l - a ring of resist corrosion (left claw)
Scrolls
 c - a scroll of fog {unknown}
 e - a scroll of enchant weapon {unknown}
 g - 4 scrolls of identify {unknown}
 j - a scroll of remove curse {unknown}
 k - a scroll of teleportation {unknown}
 o - a scroll of enchant armour {unknown}
Potions
 f - a potion of ambrosia {unknown}
 h - a potion of degeneration {unknown}
 m - a potion of curing {unknown}
 n - a potion of brilliance {unknown}
 p - a potion of haste {unknown}
Comestibles
 b - 2 meat rations


   Skills:
 + Level 3.5 Fighting
 + Level 3.6 Dodging
 - Level 2.1 Stealth
 + Level 5.0 Unarmed Combat


You had 2 spell levels left.
You didn't know any spells.

Dungeon Overview and Level Annotations

Branches:
Dungeon (3/15)

Altars:

Annotations:
D:3 Terence


Innate Abilities, Weirdness & Mutations

Your body is rotting away.
You thrive on raw meat.
You are immune to poison.
You have sharp fingernails.
You are carnivorous and can eat meat at any time.
Your flesh is cold resistant.
You are immune to negative energy.
You regenerate slowly when monsters are visible.
You are immune to unholy pain and torment.
You can survive without breathing.


Message History

You see here a stone.
The hobgoblin throws a stone.
The stone barely misses you.
The stone hits Terence.
Found 8 gold pieces and a scroll labeled BOZXUM SAERGHO.
A kobold comes into view. It is wielding a short sword.
A worm comes into view.
The hobgoblin throws a stone.
The stone hits you but does no damage.
You see here a stone.
The worm barely misses you.
Found a brown potion.
The hobgoblin closely misses you. The worm bites you but does no damage.
The kobold shouts!
The kobold throws a stone.
The stone hits you but does no damage.
The kobold throws a stone.
The stone barely misses you. Terence completely misses you.
You see here a stone.
There is a stone staircase leading up here.
Terence hits you with a morningstar.
You die...

.!. #.# #..# ...
###.###..### ...
..!.......#
.#.######.###...##
....(..(........K#
.##.##.....##w##.#
.##.##$....##...g#
.##..#.?...#####@##########
'###.####.## #..@..........
..##.# #.# #.#.########..
..##.# #.####.#.# ..##.##
#........# ......#
#........#
#.....###........#
#......##........# .#
######.##.####'#.# ..#
##..#.####.#.# ..#


You could see Terence, a hobgoblin and a kobold.

Vanquished Creatures
  An adder (D:2)
  An ooze (D:1)
  2 giant geckos
  5 bats
  A giant cockroach (D:1)
  2 goblins (D:1)
  4 hobgoblins
  9 jackals
  3 giant newts
  4 kobolds
  6 rats
38 creatures vanquished.

Notes
Turn   | Place    | Note
--------------------------------------------------------------
     0 | D:1      | varam the Ghoul Monk began the quest for the Orb.
     0 | D:1      | Reached XP level 1. HP: 19/19 MP: 0/0
   222 | D:1      | Reached XP level 2. HP: 7/26 MP: 1/1
   903 | D:1      | Reached skill level 5 in Unarmed Combat
   950 | D:1      | Reached XP level 3. HP: 27/31 MP: 2/2
  1805 | D:3      | Noticed Terence
  1929 | D:3      | Slain by Terence

Skill      XL: |  1  2 |
---------------+-------+-----
Dodging        | 3 |  3.6
Unarmed Combat | 5 |  5.0
Fighting       | |  3.5
Stealth        | |  2.1

Action                   || total
-------------------------++-------
Melee: Unarmed           ||   118
       Punch             ||     3
 Stab: Sleeping          ||     1
  Eat: Chunk             ||     5
Armor: Robe              ||    24
Dodge: Dodged            ||    78
